 Dungeon Crawl Stone Soup version 0.31-a0-174-g85c54bcb58 (webtiles) character file.

Game seed: 8358360726419778351

1202 Dittersdorf the Trooper (level 8, -1/52 HPs)
             Began as a Gargoyle Fighter on June 15, 2023.
             Was a Follower of Okawaru.
             Slain by an iguana (4 damage)
             ... on level 5 of the Dungeon.
             The game lasted 00:07:13 (5101 turns).

Dittersdorf the Trooper (Gargoyle Fighter)          Turns: 5101, Time: 00:07:13

Health: -1/52      AC: 13    Str: 21    XL:     8   Next: 44%
Magic:  8/8        EV:  7    Int: 10    God:    Okawaru [*.....]
Gold:   311        SH: 13    Dex:  9    Spells: 7/7 levels left

rFire   . . .        a - +0 flail
rCold   . . .        r - +0 tower shield
rNeg    + . .        b - +0 scale mail
rPois   ∞            (no helmet)
rElec   +            (no cloak)
rCorr   .            (no gloves)
SInv    .            (no boots)
Will    .....        (no amulet) Stlth
                     (no ring)
HPRegen 0.28/turn    (no ring)
MPRegen 0.11/turn

%: no passive effects
@: no status effects
A: sickness immunity, AC +5, negative energy resistance 1, electricity
resistance, torment resistance 1, petrification resistance
a: Renounce Religion, Heroism


You were on level 5 of the Dungeon.
You worshipped Okawaru.
Okawaru was aware of your devotion.
You visited 2 branches of the dungeon, and saw 6 of its levels.
You also visited: Sewer.

You collected 311 gold pieces.

Inventory:

Hand Weapons
 a - a +0 flail (weapon)
Missiles
 i - 2 poisoned darts
 o - 2 throwing nets
Armour
 b - a +0 scale mail (worn)
 r - a +0 tower shield (worn)
Scrolls
 c - a scroll of identify
 g - a scroll of enchant armour
 n - a scroll of teleportation
 q - a scroll of blinking
Potions
 d - a potion of might
 e - a potion of heal wounds
 f - a potion of magic
 h - a potion of haste
 j - 3 potions of cancellation
 k - 2 potions of berserk rage


   Skills:
 + Level 6.3 Fighting
 + Level 5.2 Maces & Flails
 + Level 6.3 Armour
 + Level 6.2 Shields


You had 7 spell levels left.
You didn't know any spells.
Your spell library contained the following spells:

 Spells                   Type           Power      Damage    Failure   Level
 Apportation              Tloc           0%         N/A       99%         1
 Necrotise                Necr           0%         1d4       99%         1
 Slow                     Hex            0%         N/A       99%         1
 Confusing Touch          Hex            0%         N/A       100%        3
 Hailstorm                Conj/Ice       0%         3d3       100%        3
 Vampiric Draining        Necr           0%         2d6       100%        3
 Ice Form                 Ice/Tmut       0%         N/A       100%        4
 Alistair's Intoxication  Tmut/Pois      0%         N/A       100%        5
 Summon Small Mammal      Summ           Unusable   N/A       N/A         1
 Simulacrum               Ice/Necr       Unusable   N/A       N/A         6

Dungeon Overview and Level Annotations

Branches:
Dungeon (5/15)             Temple (1/1) D:4           Sewer (visited)

Altars:
Cheibriados
Dithmenos
Fedhas
Gozag
Hepliaklqana
Kikubaaqudgha
Makhleb
Nemelex Xobeh
Okawaru
Qazlal
Trog
Uskayaw
Wu Jian
The Shining One


Innate Abilities, Weirdness & Mutations

You are immune to sickness and miasma.
Your stone body is resilient. (AC +5)
You are immune to poison.
You resist negative energy. (rN+)
You are resistant to electric shocks. (rElec)
You are resistant to unholy torment.
You are immune to petrification.


Message History

Okawaru accepts your kill.
An iguana comes into view.
You block the orc's attack. x2
The iguana hisses angrily.
The iguana closely misses you.
Things that are here:
a +0 club; a +0 leather armour; 30 gold pieces You hit the iguana.
The iguana is moderately wounded.
The iguana bites you but does no damage.
You block the orc's attack. You block the iguana's attack.
You barely miss the iguana.
The iguana is moderately wounded.
The iguana bites you.
* * * LOW HITPOINT WARNING * * *
You block the orc's attack. x2
You hit the iguana but do no damage.
The iguana is moderately wounded.
You block the iguana's attack. The orc barely misses you.
You block the orc's attack.
You barely miss the iguana.
The iguana is moderately wounded.
You block the iguana's attack. The orc hits you but does no damage.
You block the orc's attack. The orc hits you with a +0 whip.
* * * LOW HITPOINT WARNING * * *
The orc hits you but does no damage. The iguana bites you.
* * * LOW HITPOINT WARNING * * *
You barely miss the iguana.
The iguana is moderately wounded.
You block the iguana's attack. You block the orc's attack.
The orc closely misses you.
You hit the iguana.
The iguana is heavily wounded.
You block the iguana's attack. You block the orc's attack.
The orc hits you with a +0 dagger.
* * * LOW HITPOINT WARNING * * *
You closely miss the iguana.
The iguana is heavily wounded.
The iguana bites you.
You die...

#. #. .. #.# #.# #.#
##..# #.# .... #.###..#
#.##o.# #.##o# ###.l@o#
#...############# ####
#...#.####........###...
#.# #.##......#...##....
.. #.##.....##...#.....
#. #.#......##.†.'.....
#......####...#.....
#.####### #...##....
#.###[..###...###...


You could see an iguana and 3 orcs.

Vanquished Creatures
  2 black bears (D:3)
  A phantom (D:5)
  2 bullfrogs (Sewer)
  5 scorpions
  A howler monkey (D:5)
  2 hounds
  2 jellies
  A gnoll bouda (D:5)
  3 iguanas
  A sleepcap (D:5)
  An orc wizard (D:5)
  3 gnolls
  10 adders
  2 worms (D:2)
  3 dart slugs
  12 orcs
  2 endoplasms
  10 giant cockroaches
  4 goblins
  4 hobgoblins
  6 jackals
  7 quokkas
  8 ball pythons
  6 bats
  9 frilled lizards
  9 kobolds
  5 rats
121 creatures vanquished.

Notes
Turn   | Place    | Note
-------+----------+-------------------------------------------
     0 | D:1      | Dittersdorf the Gargoyle Fighter began the quest for the
                  | Orb.
     0 | D:1      | Reached XP level 1. HP: 14/14 MP: 1/1
   201 | D:1      | Reached XP level 2. HP: 12/19 MP: 2/2
   424 | D:1      | Reached XP level 3. HP: 24/24 MP: 3/3
  1391 | D:2      | Reached XP level 4. HP: 29/29 MP: 4/4
  2170 | D:3      | Found a glowing drain.
  2174 | Sewer    | Entered a sewer
  2417 | Sewer    | Noticed a bullfrog
  2439 | Sewer    | Killed a bullfrog
  2440 | Sewer    | Reached XP level 5. HP: 21/34 MP: 5/5
  2554 | Sewer    | Reached XP level 6. HP: 37/39 MP: 6/6
  2622 | D:3      | Found a faded altar of an unknown god.
  3391 | D:4      | Noticed a black bear
  3392 | D:4      | Noticed a black bear
  3394 | D:4      | Found a bloodstained altar of Trog.
  3430 | D:3      | Killed a black bear
  3431 | D:3      | Reached skill level 5 in Fighting
  3431 | D:3      | Reached skill level 5 in Armour
  3431 | D:3      | Reached skill level 5 in Shields
  3486 | D:3      | Killed a black bear
  3487 | D:3      | Reached XP level 7. HP: 35/44 MP: 7/7
  3643 | D:4      | Found a staircase to the Ecumenical Temple.
  3655 | Temple   | Entered the Ecumenical Temple
  3722 | Temple   | Became a worshipper of Warmaster Okawaru
  3805 | D:4      | Found a blossoming altar of Fedhas.
  4170 | D:5      | Entered Level 5 of the Dungeon
  4570 | D:5      | Reached XP level 8. HP: 27/51 MP: 8/8
  4762 | D:5      | Reached * piety under Okawaru
  4763 | D:5      | Reached skill level 5 in Maces & Flails
  5100 | D:5      | HP: 2/52 [orc/+0 dagger (3)]
  5101 | D:5      | Slain by an iguana

Illustrated notes

Levels and vault maps discovered:
D:1:      dpeg_arrival_pond, layout_basic
D:2:      layout_loops_corners, minmay_misc_feat_rows
D:3:      layout_basic, hellmonk_ecumenical_altar_inner_sanctum,
          gup_sewer_entry_bowl
D:4:      layout_rooms, mainiacjoe_overflow_brackets, trog_ov_bears_minmay,
          minmay_temple_entry_offerings, dreamdust_wishing_well,
          nicolae_elevator_lobby_plus
D:5:      minmay_opposing_rooms, layout_basic
Temple:   zaba_magenta_temple

Skill      XL: |  1  2  3  4  5  6  7  8 |
---------------+-------------------------+-----
Fighting       | 4 5 6 |  6.3
Armour         | 4 5 6 |  6.3
Shields        | 4 5 6 |  6.2
Maces & Flails | 3 4 5 |  5.2

Action                     |  1- 3 |  4- 6 |  7- 9 || total
---------------------------+-------+-------+-------++-------
  Melee: Flail             |   114 |   192 |   244 ||   550
    Use: Scroll            |       |     6 |     7 ||    13
 Armour: Scale mail        |    87 |   158 |   124 ||   369
  Dodge: Dodged            |    59 |   100 |    76 ||   235
  Block: Buckler           |    39 |    66 |     4 ||   109
         Tower shield      |       |       |   206 ||   206

Table legend: (Time is in decaauts)
 A = Elapsed time spent in this place.
 B = Non-inter-level travel time spent in this place.
 C = Inter-level travel time spent in this place.
 D = Time resting spent in this place.
 E = Time spent auto-exploring this place.
 F = Levels seen in this place.
 G = Mean time per level.
                   A        B        C        D        E       F      G
               +--------+--------+--------+--------+--------+-----+--------+
         Total |   5357 |   5032 |    325 |    598 |   2892 |   7 |  765.3 |
       Dungeon |   4806 |   4520 |    286 |    529 |   2828 |   5 |  961.2 |
        Temple |     84 |     45 |     39 |      0 |     40 |   1 |   84.0 |
         Sewer |    467 |    467 |      0 |     69 |     24 |   1 |  467.0 |
               +--------+--------+--------+--------+--------+-----+--------+

Top non-repeatable levels by time:
     D:3: 1115 daAuts
     D:5: 1017 daAuts
     D:2: 989 daAuts
     D:1: 968 daAuts
     D:4: 715 daAuts
   Sewer: 467 daAuts
  Temple: 84 daAuts
